 Dungeon Crawl Stone Soup version 0.20.1-1-g8b1a95d (webtiles) character file.

80 Islandstone the Conjurer (level 4, -7/33 HPs)
             Began as a Draconian Conjurer on Oct 26, 2017.
             Mangled by a gnoll
             ... wielding a +0 halberd
              (10 damage)
             ... on level 2 of the Dungeon.
             The game lasted 00:20:49 (1826 turns).

Islandstone the Conjurer (Draconian Conjurer)       Turns: 1826, Time: 00:20:50

Health: -7/33      AC:  6    Str: 10    XL:     4   Next: 18%
Magic:  5/8        EV: 12    Int: 16    God:
Gold:   73         SH:  0    Dex: 12    Spells: 7/8 levels left

rFire    . . .     SeeInvis .   j - -2 dagger (curse)
rCold    . . .     Gourm    .   (no shield)
rNeg     . . .     Faith    .   (armour unavailable)
rPois    .         Spirit   .   (helmet restricted)
rElec    .         Reflect  .   t - +0 cloak
rCorr    .         Harm     .   (no gloves)
MR       .....                  (no boots)
Stlth    ++........             (no amulet)
Regen    0.2/turn               (no ring)
MPRegen  0.2/turn               (no ring)

@: no status effects
A: unfitting armour, cold-blooded, AC +5
a: no special abilities


You were on level 2 of the Dungeon.
You were not hungry.

You visited 1 branch of the dungeon, and saw 3 of its levels.

You collected 73 gold pieces.

Inventory:

Hand Weapons
 j - a cursed -2 dagger (weapon)
 q - a cursed -2 dagger
Missiles
 g - 59 stones (quivered)
Armour
 t - a +0 cloak (worn)
Jewellery
 l - an uncursed ring of ice {unknown}
Scrolls
 c - 2 scrolls of magic mapping {unknown}
 e - 2 scrolls of remove curse {unknown}
 h - a scroll of blinking {unknown}
 k - a scroll of teleportation {unknown}
 n - 2 scrolls of identify {unknown}
Potions
 d - a potion of mutation {unknown}
 o - a potion of cancellation {unknown}
 p - a potion of haste {unknown}
 r - a potion of lignification {unknown}
 s - a potion of degeneration {unknown}
Books
 a - a book of Conjurations

   Spells                             Type                      Level
   a - Magic Dart                     Conjuration                  1
   b - Searing Ray                    Conjuration                  2
   c - Dazzling Spray                 Conjuration/Hexes            3
   d - Fulminant Prism                Conjuration/Hexes            4
   e - Force Lance                    Conjuration/Translocation    4
   f - Iskenderun's Mystic Blast      Conjuration                  4
Comestibles
 b - 3 bread rations
 f - a royal jelly
 i - 3 fruits


   Skills:
 - Level 1.7 Dodging
 - Level 1.7 Stealth
 + Level 2.8 Spellcasting
 * Level 5.2 Conjurations


You had 7 spell levels left.
You knew the following spells:

 Your Spells              Type           Power        Failure   Level  Hunger
a - Magic Dart            Conj           ###.         2%          1    #......


Dungeon Overview and Level Annotations

Branches:
Dungeon (3/15)

Altars:
Dithmenos


Innate Abilities, Weirdness & Mutations

Your plain brown scales are hard. (AC +5)
You cannot fit into any form of body armour.
You are cold-blooded and may be slowed by cold attacks.


Message History

Confirm with . or Enter, or press ? or * to list all spells.
Aiming: Magic Dart
Press: ? - help, Shift-Dir - straight line, f/p - gnoll
Aim: a gnoll, wielding a halberd (moderately wounded)
The magic dart hits the gnoll.
The gnoll is moderately wounded.
The goblin hits you but does no damage. The gnoll hits you but does no damage.
Casting: Magic Dart
Confirm with . or Enter, or press ? or * to list all spells.
Aiming: Magic Dart
Press: ? - help, Shift-Dir - straight line, f/p - gnoll
Aim: a gnoll, wielding a halberd (moderately wounded)
The magic dart hits the gnoll.
The gnoll is heavily wounded.
The gnoll hits you with a halberd!
* * * LOW HITPOINT WARNING * * *
The goblin barely misses you.
You can't go down here!
The gnoll hits you with a halberd!
You die...

..#.#....##########..###########.
..#......................).......
..######.#########....###########
.................#....#####
.......#>...................
.......#..########....######
.......#..# #........#
.......#..####.####...#
.......#.....[.g@g....#
.......#.#####.#.g....#
#####.##.. ...#......# ##.
#.##########.#....# ....
###.................# #.##.
#.........####.#....# ####.###
#.........# #.####.####.=...##
#.........# #.................
#.........# #######[......##..


You could see 2 gnolls and a goblin.

Vanquished Creatures
  Jessica (D:2)
  An adder (D:3)
  An ooze (D:1)
  2 leopard geckos (D:2)
  5 bats
  3 giant cockroaches
  4 goblins
  5 hobgoblins
  3 jackals (D:1)
  3 frilled lizards
  5 kobolds
  4 rats
37 creatures vanquished.

Notes
Turn   | Place    | Note
-------+----------+-------------------------------------------
     0 | D:1      | Islandstone the Draconian Conjurer began the quest for the Orb.
     0 | D:1      | Reached XP level 1. HP: 14/14 MP: 3/3
     0 | D:1      | Noticed an ogre
     0 | D:1      | Noticed a centaur
     1 | D:1      | Noticed a minotaur
     1 | D:1      | Noticed a draconian
     3 | D:1      | Noticed a ghoul
     5 | D:1      | Noticed an octopode
     7 | D:1      | Noticed an elf
     8 | D:1      | Noticed a vampire
    10 | D:1      | Noticed a human
    12 | D:1      | Noticed a dwarf
    12 | D:1      | Noticed a vine stalker
    14 | D:1      | Noticed an elf
    16 | D:1      | Noticed a dwarf
    16 | D:1      | Noticed a spriggan
    18 | D:1      | Noticed a naga
    20 | D:1      | Noticed a draconian
   325 | D:1      | Reached XP level 2. HP: 20/20 MP: 1/5
   962 | D:2      | Noticed Jessica
  1016 | D:2      | Killed Jessica
  1016 | D:2      | Reached skill level 5 in Conjurations
  1016 | D:2      | Reached XP level 3. HP: 26/26 MP: 1/7
  1287 | D:2      | Reached XP level 4. HP: 30/33 MP: 6/8
  1546 | D:2      | Found a shadowy altar of Dithmenos.
  1826 | D:2      | Mangled by a gnoll

Skill      XL: |  1  2 |
---------------+-------+-----
Conjurations   | 5 |  5.2
Dodging        | |  1.7
Stealth        | |  1.7
Spellcasting   | |  2.8

Action                   |  1- 3 |  4- 6 || total
-------------------------+-------+-------++-------
Melee: Unarmed           |    27 |       ||    27
       Dagger            |     7 |     2 ||     9
       Tailslap          |     3 |       ||     3
Throw: Stone             |    15 |    10 ||    25
 Cast: Magic Dart        |    55 |    27 ||    82
  Eat: Chunk             |     2 |     2 ||     4
Armor: Skin              |     9 |     6 ||    15
Dodge: Dodged            |    22 |    14 ||    36
